 Dungeon Crawl Stone Soup version 0.18-a0-1485-g189885c (webtiles) character file.

507 Karasique the Shooter (level 6, -5/51 HPs)
             Began as a Centaur Hunter on Mar 3, 2016.
             Slain by a centaur (6 damage)
             ... on level 5 of the Dungeon.
             The game lasted 00:13:49 (6047 turns).

Karasique the Shooter (Centaur Hunter)              Turns: 6047, Time: 00:13:49

Health: -5/51      AC:  5    Str: 15    XL:     6   Next: 97%
Magic:  6/6        EV:  8    Int: 10    God:
Gold:   150        SH:  0    Dex: 11    Spells: 0 memorised, 5 levels left

rFire  + . .     SeeInvis +     q - +0 halberd
rCold  . . .     Gourm    .     h - +0 ring mail
rNeg   . . .     Faith    .     (shield currently unavailable)
rPois  .         Spirit   .     (no helmet)
rElec  .         Dismiss  .     (no cloak)
rCorr  .         Reflect  .     (no gloves)
SustAt .         Harm     .     (no barding)
MR     .....                    (no amulet)
Stlth  ..........               t - ring of see invisible
                                b - ring of protection from fire (curse)

@: very quick, not resistant to hostile enchantments, extremely unstealthy
A: hooves 3, deformed body, speed 2, tough skin 3
a: no special abilities


You were on level 5 of the Dungeon.
You were not hungry.

You visited 1 branch of the dungeon, and saw 5 of its levels.

You collected 150 gold pieces.

Inventory:

Hand Weapons
 g - a +0 dagger of speed
 j - a +1 mace of crushing
 l - a +1 short sword of holy wrath
 q - a +0 halberd (weapon)
 w - a +1 shortbow
Missiles
 d - 34 arrows
 v - 23 arrows of flame
Armour
 h - a +0 ring mail (worn)
Jewellery
 b - a cursed ring of protection from fire (left hand)
 t - a ring of see invisible (right hand)
Wands
 p - a wand of polymorph (5/24)
Scrolls
 e - 3 scrolls of identify {unknown}
 k - 2 scrolls of fog {unknown}
 n - a scroll of immolation {unknown}
 o - a scroll of teleportation {unknown}
 s - a scroll of noise {unknown}
 y - a scroll of magic mapping {unknown}
 A - a scroll of blinking {unknown}
Potions
 c - a potion of mutation {unknown}
 i - 4 potions of haste {unknown}
 r - a potion of invisibility {unknown}
 u - 2 potions of flight {unknown}
 x - a potion of berserk rage {unknown}
 z - 2 potions of degeneration {unknown}
 B - 2 potions of brilliance {unknown}
Comestibles
 a - 4 meat rations
 f - 2 bread rations


   Skills:
 - Level 3.5 Fighting
 + Level 5.3 Polearms
 - Level 6.5 Bows
 - Level 1.3 Dodging
 - Level 0.5 Stealth


You had 5 spell levels left.
You didn't know any spells.

Dungeon Overview and Level Annotations

Branches:
Dungeon (5/15)             Temple (0/1) D:4

Altars:
Makhleb
Qazlal


Innate Abilities, Weirdness & Mutations

You have hooves in place of feet.
Armour fits poorly on your strangely shaped body.
You cover ground very quickly.
You have extremely tough skin (AC +3).


Message History

Drink which item? (? for menu, Esc to quit)
Okay, then.
You barely miss the centaur. You kick the centaur, but do no damage.
The centaur is almost dead.
The centaur hits you but does no damage.
The centaur hits you.
You completely miss the centaur. You kick the centaur, but do no damage.
The centaur is almost dead.
The centaur hits you but does no damage.
The centaur closely misses you.
Drink which item? (? for menu, Esc to quit)
Okay, then.
You hit the centaur but do no damage.
The centaur is severely wounded.
The centaur hits you.
The centaur hits you but does no damage.
You hit the centaur but do no damage. Your kick misses the centaur.
The centaur is severely wounded.
The centaur hits you.
You die...

##############
#@c.((.((....#
############.#
#.# .c......#
#######.# ###


You could see a centaur.

Vanquished Creatures
  An ogre (D:4)
  A howler monkey (D:3)
  A hound (D:4)
  A worker ant (D:3)
  18 gnolls
  8 adders
  2 worms
  A dart slug (D:2)
  4 giant geckos
  An orc (D:3)
  2 ball pythons
  5 bats
  6 giant cockroaches
  8 goblins
  6 hobgoblins
  4 jackals (D:1)
  A quokka (D:2)
  6 giant newts
  6 kobolds
  13 rats
95 creatures vanquished.

Notes
Turn   | Place    | Note
--------------------------------------------------------------
     0 | D:1      | Karasique the Centaur Hunter began the quest for the Orb.
     0 | D:1      | Reached XP level 1. HP: 17/17 MP: 1/1
   248 | D:1      | Reached XP level 2. HP: 20/25 MP: 2/2
   895 | D:2      | Found a burning altar of Makhleb.
  1336 | D:1      | Reached skill level 6 in Bows
  1378 | D:1      | Reached XP level 3. HP: 22/30 MP: 3/3
  1703 | D:2      | Reached XP level 4. HP: 28/38 MP: 4/4
  1976 | D:2      | Found a stormy altar of Qazlal.
  2118 | D:2      | Reached skill level 1 in Polearms
  2920 | D:3      | Reached XP level 5. HP: 29/45 MP: 5/5
  3688 | D:3      | Reached XP level 6. HP: 38/51 MP: 6/6
  5291 | D:4      | Reached skill level 5 in Polearms
  5473 | D:4      | Found a staircase to the Ecumenical Temple.
  5528 | D:5      | Entered Level 5 of the Dungeon
  6044 | D:5      | HP: 2/51 [centaur (5)]
  6047 | D:5      | Slain by a centaur

Vault maps used:
D:1:      minmay_arrival_solitary_statue, kennysheep_decorative_pillar
D:2:      lemuel_crystal_altar, lemuel_crystal_altar, serial_co_window_serial,
          co_window_of_opportunity_a, co_window_paths_a, co_window_cross_1,
          co_window_corner_a, co_window_corner_a, co_window_broadway_c,
          co_window_corner_cb, co_window_2corner, glass_columns_c,
          glass_columns_c
D:4:      nicolae_overflow_crystal_walls, minmay_temple_entry_from_below_a,
          first_bread, grunt_pakellas_mercury, uniq_robin
D:5:      corexii_shantytown, marbit_many_paths, st_stairs_7

Skill      XL: |  1  2  3  4  5  6 |
---------------+-------------------+-----
Bows           | 6 |  6.5
Fighting       | 3 |  3.5
Polearms       | 2 3 5 |  5.3
Dodging        | |  1.3
Stealth        | |  0.5

Action                   |  1- 3 |  4- 6 || total
-------------------------+-------+-------++-------
Melee: Short sword       |   113 |       ||   113
       Halberd           |       |   288 ||   288
 Fire: Shortbow          |    14 |    34 ||    48
  Eat: Chunk             |     1 |     9 ||    10
       Bread ration      |       |     1 ||     1
